 Dungeon Crawl Stone Soup version 0.17-a0-1037-gbf358b4 (webtiles) character file.

308 krabocopter the Cudgeler (level 6, 0/44 HPs)
             Began as a Demonspawn Gladiator on May 14, 2015.
             Succumbed to poison (a potion of poison)
             ... on level 5 of the Dungeon.
             The game lasted 00:13:49 (2798 turns).

krabocopter the Cudgeler (Demonspawn Gladiator)     Turns: 2798, Time: 00:13:49

Health: 0/44       AC:  8    Str: 15    XL:     6   Next: 17%
Magic:  6/6        EV: 12    Int: 11    God:
Gold:   175        SH:  0    Dex: 14    Spells: 0 memorised, 5 levels left

rFire  + . .     SeeInvis .     a - +0 flail
rCold  . . .     Clarity  .     b - +0 leather armour
rNeg   . . .     SustAb   .     (no shield)
rPois  .         Gourm    .     c - +0 helmet
rElec  .         Spirit   .     (no cloak)
rCorr  .         Warding  .     (no gloves)
rMut   .         Stasis   .     (no boots)
MR     .....                    (no amulet)
Stlth  +.........               (no ring)
                                (no ring)

@: lethally poisoned (0 -> -9), not resistant to hostile enchantments, very
unstealthy
A: claws 2, talons 1, iridescent scales 1, blurry vision 1, fire resistance 1,
rot immunity
a: no special abilities


You were on level 5 of the Dungeon.
You were not hungry.

You visited 1 branch of the dungeon, and saw 5 of its levels.

You collected 175 gold pieces.

Inventory:

Hand weapons
 a - a +0 flail (weapon)
Missiles
 d - 3 throwing nets (quivered)
Armour
 b - a +0 leather armour (worn)
 c - a +0 helmet (worn)
Magical devices
 g - a wand of fire (5)
Scrolls
 f - a scroll of fear {unknown}
 h - 2 scrolls of identify {unknown}
 j - a scroll of random uselessness {unknown}
 k - a scroll of enchant weapon {unknown}
 m - a scroll of amnesia {unknown}
 o - a scroll of teleportation
 p - a scroll of blinking {unknown}
 q - a scroll of enchant armour {unknown}
 w - a scroll of noise {unknown}
Comestibles
 e - a bread ration
 r - a slice of pizza
 t - 2 chunks of flesh
 u - a fruit
 v - a beef jerky


   Skills:
 - Level 2.0 Fighting
 + Level 6.3 Maces & Flails
 - Level 1.7 Throwing
 - Level 2.6 Dodging


You had 5 spell levels left.
You didn't know any spells.

Dungeon Overview and Level Annotations

Branches:
Dungeon (5/15)
 Temple: D:4-7

Altars:
Cheibriados
Gozag
Kikubaaqudgha
Ru
Zin

Annotations:
D:1 exclusion: door
D:3 Sigmund
D:4 JetFlynn's ghost, experienced CeHu


Innate Abilities, Weirdness & Mutations

You have very sharp fingernails.
You are partially covered in iridescent scales (AC +4).
You are immune to rotting.
You have sharp toenails.
Scrolls take you a little longer to read.
Your flesh is heat resistant.


Message History

You miss the hound.
The hound is heavily wounded.
* * * LOW HITPOINT WARNING * * *
You feel sick. The hound closely misses you.
You aren't carrying any potions.
Unknown command.
You spend a moment contemplating the meaning of life.
You spend a moment contemplating the meaning of life.
You spend a moment contemplating the meaning of life.
You spend a moment contemplating the meaning of life.
You spend a moment contemplating the meaning of life.
You spend a moment contemplating the meaning of life.
You spend a moment contemplating the meaning of life.
You hit the hound. Your kick misses the hound.
The hound is severely wounded.
* * * LOW HITPOINT WARNING * * *
You feel sick. The hound completely misses you. The hound barely misses you.
You closely miss the hound.
The hound is severely wounded.
You die...

#.. # ... .#
# #.# ##.#.#
#.# .....
##.##.#.#.##
#Z..........
#sS.<.#
#h###.....#
#@# ##.###
#.# # ...
.#.## #.#.#
# #.# #.#
#..


You could see a hound, an adder, a worker ant zombie and a giant cockroach.

Vanquished Creatures
  A hound (D:4)
  2 worker ants (D:4)
  A hound skeleton (D:4)
  A hound zombie (D:3)
  5 adders
  3 gnolls (D:2)
  4 oozes
  2 worms
  4 giant geckos
  5 orcs
  9 bats
  7 giant cockroaches
  12 goblins
  6 hobgoblins
  10 jackals
  13 giant newts
  13 kobolds
  16 rats
114 creatures vanquished.

Notes
Turn   | Place    | Note
--------------------------------------------------------------
     0 | D:1      | krabocopter the Demonspawn Gladiator began the quest for the Orb.
     0 | D:1      | Reached XP level 1. HP: 16/16 MP: 1/1
     1 | D:1      | Found a runed door.
    61 | D:1      | Reached skill level 3 in Maces & Flails
   147 | D:1      | Gained mutation: You are partially covered in iridescent scales (AC +4). [demonic ancestry]
   147 | D:1      | Reached XP level 2. HP: 20/22 MP: 2/2
   314 | D:1      | Found a snail-covered altar of Cheibriados.
   554 | D:1      | Reached XP level 3. HP: 27/27 MP: 3/3
   567 | D:1      | Reached skill level 4 in Maces & Flails
   901 | D:2      | Gained mutation: You have sharp fingernails. [demonic ancestry]
   901 | D:2      | Reached XP level 4. HP: 33/33 MP: 4/4
  1136 | D:2      | Reached skill level 5 in Maces & Flails
  1513 | D:2      | Gained mutation: You are immune to rotting. [demonic ancestry]
  1513 | D:2      | Reached XP level 5. HP: 31/38 MP: 5/5
  1656 | D:3      | Noticed Sigmund
  1738 | D:3      | Found an ancient bone altar of Kikubaaqudgha.
  1738 | D:3      | Found an opulent altar of Gozag.
  1739 | D:3      | Found a sacrificial altar of Ru.
  2222 | D:4      | Reached skill level 6 in Maces & Flails
  2407 | D:4      | Gained mutation: You have very sharp fingernails. [demonic ancestry]
  2407 | D:4      | Reached XP level 6. HP: 39/44 MP: 6/6
  2558 | D:4      | Noticed an angel
  2559 | D:4      | Found a glowing silver altar of Zin.
  2718 | D:4      | Noticed JetFlynn's ghost (experienced CeHu)
  2764 | D:5      | Entered Level 5 of the Dungeon
  2787 | D:5      | Gained mutation: You have sharp toenails. [potion of mutation]
  2787 | D:5      | Gained mutation: Your flesh is heat resistant. [potion of mutation]
  2787 | D:5      | Gained mutation: Scrolls take you a little longer to read. [potion of mutation]
  2796 | D:5      | HP: 2/44 [poison (a potion of poison)]
  2798 | D:5      | Succumbed to poison (a potion of poison)

Vault maps used:
D:1:      dpeg_arrival_caged_fury, cheibriados_altar_1
D:2:      forest_paths, minmay_lizard_king
D:3:      gammafunk_temple_overflow_forgotten, serial_glass, glass_columns_a,
          glass_columns_a, first_bread, minmay_mini_jars, uniq_sigmund
D:4:      zin_angel, minmay_close_crescents
D:5:      minmay_temple_entry_overgrown, kennysheep_minor_cross, uniq_grinder

Action                   |  1- 3 |  4- 6 || total
-------------------------+-------+-------++-------
Melee: Flail             |   161 |   298 ||   459
  Use: Potion            |       |     5 ||     5
       Scroll            |       |     1 ||     1
 Stab: Sleeping          |       |     1 ||     1
  Eat: Chunk             |       |     7 ||     7
